Predators vs Coyotes
(R1)
Created - 4 janvier 2013 at 19:15
Goals
|
| Predators |
0 |
1 |
3 |
4 |
| Coyotes |
0 |
2 |
0 |
2 |
|
Shots
|
| Predators |
8 |
9 |
17 |
34 |
| Coyotes |
5 |
11 |
18 |
34 |
|
1st period
No Goal
Penalties :
Alexander Steen (Nas) for Goalie Interference (Minor) at 1:46, Michael Grabner (Nas) for Interference (Minor) at 14:43, Jiri Fischer (Pho) for Holding Stick (Minor) at 17:15, Riley Cote (Pho) for Slashing (Minor) at 19:42
2nd period
1. Coyotes , Frans Nielsen 10 (Sergei Samsonov, Kurt Sauer) at 10:58
2. Predators , Alexander Steen 2 (Alexander Edler, Mike Ribeiro) at 15:26 (PP)
3. Coyotes , Marian Gaborik 18 (Christian Ehrhoff) at 15:36
Penalties :
Michael Grabner (Nas) for Tripping (Minor) at 2:57, Jamal Mayers (Pho) for Charging (Minor) at 5:39, Mike Ribeiro (Nas) for High sticking (Minor) at 5:39, Christian Ehrhoff (Pho) for Holding Stick (Minor) at 14:54, Jiri Fischer (Pho) for Hooking (Minor) at 17:57, Barret Jackman (Nas) for Hooking (Minor) at 17:57
3rd period
4. Predators , Joe Thornton 8 (Alexander Ovechkin) at 5:34
5. Predators , Joe Thornton 9 (Alexander Ovechkin) at 12:27
6. Predators , Mike Sillinger 7 (Oleg Saprykin, Rick DiPietro) at 19:50 (SH) (Empty Net)
Penalties :
Kent Huskins (Nas) for Interference (Minor) at 2:40, Kurt Sauer (Pho) for Hooking (Minor) at 3:46, Mike Sillinger (Nas) for Hooking (Minor) at 3:46, Jean-Pierre Dumont (Nas) for Roughing (Minor) at 13:01, Sergei Samsonov (Pho) for Tripping (Minor) at 16:27, Joe Thornton (Nas) for Roughing (Minor) at 16:32, Alexander Edler (Nas) for Tripping (Minor) at 18:53
Goalie Stats
Rick DiPietro (Nas), 32 saves from 34 shots - (0,941), W, 8-7-0, 60:00 minutes
Jean-Sébastien Giguère (Pho), 30 saves from 33 shots - (0,909), L, 11-10-1, 59:19 minutes
Players Stats for Predators
Player Name G A P +/- PIM S H SB GA TA FO MP PP MP PK MP
------------------------------------------------------------------------------------
Adrian Aucoin 0 0 0 1 0 7 0 1 1 3 0/0 31:24 2:46 6:44
Alexander Edler 0 1 1 0 2 2 2 3 0 0 0/0 20:34 1:49 4:13
Alexander Ovechkin 0 2 2 1 0 3 1 0 0 0 6/9 21:51 2:28 1:37
Alexander Steen 1 0 1 0 2 1 2 0 0 0 1/1 11:26 2:07 0:00
Barret Jackman 0 0 0 0 2 0 0 2 0 1 0/0 7:54 0:00 0:00
Chris Simon 0 0 0 -1 0 0 1 0 0 0 0/0 5:00 0:00 0:00
Jean-Pierre Dumont 0 0 0 1 2 5 3 0 1 2 0/1 16:17 2:28 2:40
Joe Thornton 2 0 2 1 2 5 2 0 0 2 22/33 19:54 2:27 0:49
Kent Huskins 0 0 0 0 2 0 1 1 0 2 0/0 19:43 1:49 3:22
Mariusz Czerkawski 0 0 0 -1 0 0 1 2 0 0 0/1 5:00 0:00 0:00
Michael Grabner 0 0 0 0 4 3 0 0 0 0 1/1 15:09 2:07 0:00
Mikael Samuelsson 0 0 0 0 0 0 0 0 0 0 0/0 8:32 0:00 0:00
Mike Ribeiro 0 1 1 0 2 1 2 1 0 0 6/11 12:56 2:07 0:00
Mike Sillinger 1 0 1 0 2 3 0 1 1 0 7/17 17:14 0:00 6:02
Oleg Saprykin 0 1 1 0 0 2 4 2 0 1 0/1 16:28 0:00 5:57
Paul Mara 0 0 0 0 0 0 0 2 0 0 0/0 9:02 0:00 1:09
Robyn Regehr 0 0 0 1 0 2 1 2 0 1 0/0 31:24 2:46 6:44
Todd White 0 0 0 0 0 0 1 1 0 1 3/5 11:05 0:00 4:13
Players Stats for Coyotes
Player Name G A P +/- PIM S H SB GA TA FO MP PP MP PK MP
------------------------------------------------------------------------------------
Brenden Morrow 0 0 0 0 0 2 2 1 1 0 1/1 27:00 5:48 3:05
Chad Larose 0 0 0 0 0 0 1 0 0 0 6/8 9:16 0:56 0:33
Christian Ehrhoff 0 1 1 -1 2 1 1 4 0 1 0/0 28:49 6:13 2:38
Craig Adams 0 0 0 0 0 0 0 1 0 0 0/0 7:50 0:12 0:57
Denis Grebeshkov 0 0 0 0 0 3 0 0 0 0 0/0 21:10 4:00 1:25
Drew Miller 0 0 0 1 0 3 1 1 1 0 12/30 20:40 4:07 0:32
Frans Nielsen 1 0 1 -1 0 5 3 0 2 1 5/12 18:12 4:08 0:58
Jamal Mayers 0 0 0 -1 2 2 3 0 1 0 1/1 15:11 4:08 0:00
Jay Bouwmeester 0 0 0 -1 0 1 1 2 3 0 0/0 29:22 6:13 3:10
Jiri Fischer 0 0 0 0 4 1 0 0 0 1 0/0 10:16 0:00 0:00
Kurt Sauer 0 1 1 0 2 1 1 2 1 0 0/0 20:46 3:59 1:25
Lukas Krajicek 0 0 0 0 0 1 0 1 0 0 0/0 10:00 0:00 0:32
Marian Gaborik 1 0 1 0 0 7 4 0 3 0 4/15 27:14 5:53 3:05
Maxim Lapierre 0 0 0 0 0 2 0 0 0 0 2/4 7:07 0:00 0:00
Pavel Brendl 0 0 0 0 0 0 1 0 0 0 0/0 7:07 0:00 0:00
Riley Cote 0 0 0 0 2 2 0 0 0 0 0/0 7:28 0:05 0:00
Sergei Samsonov 0 1 1 -1 2 3 0 0 0 0 0/0 14:53 4:13 0:00
Tim Connolly 0 0 0 0 0 0 0 0 1 0 3/9 5:06 1:09 0:00
3 Stars
1 - Joe Thornton (Nas)
2 - Marian Gaborik (Pho)
3 - Alexander Ovechkin (Nas)
Power Play
Predators - 1 on 4 Attempt(s) - 25,00%
Coyotes - 0 on 7 Attempt(s) - 0,00%
Penalty Kill
Predators - 7 on 7 Attempt(s) - 100,00%
- Score 1 goal in Penalty Kill
Coyotes - 3 on 4 Attempt(s) - 75,00%
- Score 0 goal in Penalty Kill
Official
Referees : StPierre Justin and Kowal Tom
Linesman : Mark Shewchyk and Jonny Murray
Game Notes
Tim Connolly is injured at 14:17 of 1st period (Separated Right Shoulder)
Mike Sillinger has scored in a empty net!
Finance
Level 1 -- Attendance: 4178 (69,63%) -- Ticket Income 417 800 $
Level 2 -- Attendance: 3367 (67,34%) -- Ticket Income 202 020 $
Level 3 -- Attendance: 1472 (73,60%) -- Ticket Income 51 520 $
Level 4 -- Attendance: 3548 (88,70%) -- Ticket Income 70 960 $
Luxury Box -- Attendance: 708 (70,80%) -- Ticket Income 141 600 $
Game was played at the The Pack Center
Total Attendance: 13273 (73,74%)
Total Ticket Income: 883 900 $
Total Income: 883 900 $
Predators
5 vs 5 Forward
Center Left Wing Right Wing Time % Phy DF OF
1 Joe Thornton Alexander Ovechkin Michael Grabner 40 1 2 2
2 Mike Ribeiro Alexander Steen Jean-Pierre Dumont 30 1 2 2
3 Mike Sillinger Oleg Saprykin Mikael Samuelsson 20 1 2 2
4 Todd White Chris Simon Mariusz Czerkawski 10 1 2 2
5 vs 5 Defense
Defense Defense Time % Phy DF OF
1 Adrian Aucoin Robyn Regehr 40 1 2 2
2 Alexander Edler Kent Huskins 30 1 2 2
3 Barret Jackman Paul Mara 20 1 2 2
4 Adrian Aucoin Robyn Regehr 10 1 2 2
PowerPlay Forward
Center Left Wing Right Wing Time % Phy DF OF
1 Joe Thornton Alexander Ovechkin Jean-Pierre Dumont 60 1 2 2
2 Mike Ribeiro Alexander Steen Michael Grabner 40 1 2 2
PowerPlay Defense
Defense Defense Time % Phy DF OF
1 Adrian Aucoin Robyn Regehr 60 1 2 2
2 Alexander Edler Kent Huskins 40 1 2 2
Penalty Kill 4 Players Forward
Center Wing Time % Phy DF OF
1 Mike Sillinger Oleg Saprykin 60 1 2 2
2 Todd White Jean-Pierre Dumont 40 1 2 2
Penalty Kill 4 Players Defense
Defense Defense Time % Phy DF OF
1 Adrian Aucoin Robyn Regehr 60 1 2 2
2 Alexander Edler Kent Huskins 40 1 2 2
Penalty Kill - 3 Players Forward
Forward Time % Phy DF OF
1 Todd White 60 1 2 2
2 Mike Sillinger 40 1 2 2
Penalty Kill - 3 Players Defense
Defense Defense Time % Phy DF OF
1 Adrian Aucoin Robyn Regehr 60 1 2 2
2 Alexander Edler Kent Huskins 40 1 2 2
4 vs 4 Forward
Center Wing Time % Phy DF OF
1 Alexander Ovechkin Joe Thornton 60 1 2 2
2 Mike Ribeiro Jean-Pierre Dumont 40 1 2 2
4 vs 4 Defense
Defense Defense Time % Phy DF OF
1 Adrian Aucoin Robyn Regehr 60 1 2 2
2 Alexander Edler Kent Huskins 40 1 2 2
Last Minutes Offensive
Center Left Wing Right Wing Defense Defense
Joe Thornton Alexander Ovechkin Jean-Pierre Dumont Adrian Aucoin Robyn Regehr
Last Minutes Defensive
Center Left Wing Right Wing Defense Defense
Joe Thornton Alexander Ovechkin Jean-Pierre Dumont Adrian Aucoin Robyn Regehr
Goaltenders
Starting : Rick DiPietro
Backup : Nikolai Khabibulin
Extra Forwards
Normal : Mike Sillinger, Oleg Saprykin, Todd White - PP : Mike Sillinger, Oleg Saprykin - PK : Todd White
Extra Defensemen
Normal : Barret Jackman, Paul Mara, Alexander Edler - PP : Barret Jackman - PK : Paul Mara, Alexander Edler
Penalty Shots
Alexander Ovechkin, Joe Thornton, Mike Ribeiro, Jean-Pierre Dumont, Chris Simon
Coyotes
5 vs 5 Forward
Center Left Wing Right Wing Time % Phy DF OF
1 Tim Connolly Brenden Morrow Marian Gaborik 40 1 2 2
2 Frans Nielsen Sergei Samsonov Jamal Mayers 30 1 2 2
3 Chad Larose Drew Miller Craig Adams 20 1 2 2
4 Maxim Lapierre Riley Cote Pavel Brendl 10 1 2 2
5 vs 5 Defense
Defense Defense Time % Phy DF OF
1 Jay Bouwmeester Christian Ehrhoff 40 1 2 2
2 Kurt Sauer Denis Grebeshkov 30 1 2 2
3 Jiri Fischer Lukas Krajicek 20 1 2 2
4 Jay Bouwmeester Christian Ehrhoff 10 1 2 2
PowerPlay Forward
Center Left Wing Right Wing Time % Phy DF OF
1 Tim Connolly Brenden Morrow Marian Gaborik 60 1 2 2
2 Frans Nielsen Sergei Samsonov Jamal Mayers 40 1 2 2
PowerPlay Defense
Defense Defense Time % Phy DF OF
1 Jay Bouwmeester Christian Ehrhoff 60 1 2 2
2 Kurt Sauer Denis Grebeshkov 40 1 2 2
Penalty Kill 4 Players Forward
Center Wing Time % Phy DF OF
1 Marian Gaborik Brenden Morrow 60 1 2 2
2 Tim Connolly Frans Nielsen 40 1 2 2
Penalty Kill 4 Players Defense
Defense Defense Time % Phy DF OF
1 Jay Bouwmeester Christian Ehrhoff 60 1 2 2
2 Kurt Sauer Denis Grebeshkov 40 1 2 2
Penalty Kill - 3 Players Forward
Forward Time % Phy DF OF
1 Marian Gaborik 60 1 2 2
2 Brenden Morrow 40 1 2 2
Penalty Kill - 3 Players Defense
Defense Defense Time % Phy DF OF
1 Jay Bouwmeester Christian Ehrhoff 60 1 2 2
2 Kurt Sauer Denis Grebeshkov 40 1 2 2
4 vs 4 Forward
Center Wing Time % Phy DF OF
1 Marian Gaborik Brenden Morrow 60 1 2 2
2 Tim Connolly Frans Nielsen 40 1 2 2
4 vs 4 Defense
Defense Defense Time % Phy DF OF
1 Jay Bouwmeester Christian Ehrhoff 60 1 2 2
2 Kurt Sauer Denis Grebeshkov 40 1 2 2
Last Minutes Offensive
Center Left Wing Right Wing Defense Defense
Tim Connolly Brenden Morrow Marian Gaborik Jay Bouwmeester Christian Ehrhoff
Last Minutes Defensive
Center Left Wing Right Wing Defense Defense
Tim Connolly Brenden Morrow Marian Gaborik Jay Bouwmeester Christian Ehrhoff
Goaltenders
Starting : Jean-Sébastien Giguère
Backup : Peter Budaj
Extra Forwards
Normal : Drew Miller, Chad Larose, Craig Adams - PP : Drew Miller, Chad Larose - PK : Craig Adams
Extra Defensemen
Normal : Jiri Fischer, Lukas Krajicek, Kurt Sauer - PP : Jiri Fischer - PK : Lukas Krajicek, Kurt Sauer
Penalty Shots
Marian Gaborik, Brenden Morrow, Tim Connolly, Frans Nielsen, Sergei Samsonov
% Time on Ice - Predators
Lines # - Real PCT - Wanted PCT - Time Play
Normal Forward
1 - 38% - 40% - 14:12
2 - 26% - 30% - 9:37
3 - 23% - 20% - 8:32
4 - 13% - 10% - 5:00
Normal Defense
1 - 43% - 40% - 16:06
2 - 33% - 30% - 12:29
3 - 21% - 20% - 7:52
4 - 2% - 10% - 0:54
PP Forward
1 - 54% - 60% - 2:28
2 - 46% - 40% - 2:07
PP Defense
1 - 60% - 60% - 2:46
2 - 40% - 40% - 1:49
PK Forward
1 - 67% - 60% - 6:49
2 - 33% - 40% - 3:24
PK Defense
1 - 62% - 60% - 6:18
2 - 38% - 40% - 3:55
PK3 Forward
1 - 100% - 60% - 0:53
2 - 0% - 40% - 0:00
PK3 Defense
1 - 49% - 60% - 0:26
2 - 51% - 40% - 0:27
44 Forward
1 - 78% - 60% - 5:24
2 - 22% - 40% - 1:34
44 Defense
1 - 70% - 60% - 4:54
2 - 30% - 40% - 2:04
Last Minute Offensive - 0:00
Last Minute Defensive - 0:00
Total
Forward - 60:00
Defense - 60:00
|
% Time on Ice - Coyotes
Lines # - Real PCT - Wanted PCT - Time Play
Normal Forward
1 - 38% - 40% - 14:22
2 - 28% - 30% - 10:32
3 - 14% - 20% - 5:20
4 - 19% - 10% - 7:07
Normal Defense
1 - 39% - 40% - 14:42
2 - 34% - 30% - 12:36
3 - 25% - 20% - 9:28
4 - 2% - 10% - 0:35
PP Forward
1 - 60% - 60% - 6:05
2 - 40% - 40% - 4:08
PP Defense
1 - 61% - 60% - 6:13
2 - 39% - 40% - 4:00
PK Forward
1 - 79% - 60% - 3:37
2 - 21% - 40% - 0:58
PK Defense
1 - 69% - 60% - 3:10
2 - 31% - 40% - 1:25
PK3 Forward
1 - 0% - 60%
2 - 0% - 40%
PK3 Defense
1 - 0% - 60%
2 - 0% - 40%
44 Forward
1 - 67% - 60% - 5:17
2 - 33% - 40% - 2:34
44 Defense
1 - 60% - 60% - 4:42
2 - 40% - 40% - 3:09
Last Minute Offensive - 0:00
Last Minute Defensive - 0:00
Total
Forward - 60:00
Defense - 60:00
|
Play by Play
1st period
0:01 of 1st period - Alexander Ovechkin wins face-off versus Tim Connolly in neutral zone.
0:06 of 1st period - Snap shot by Alexander Ovechkin.
0:06 of 1st period - Shot Misses the Net.
1:18 of 1st period - Off-side.
1:19 of 1st period - Joe Thornton wins face-off versus Tim Connolly in neutral zone.
1:31 of 1st period - Icing by Barret Jackman.
1:32 of 1st period - Jamal Mayers wins face-off versus Joe Thornton in Predators zone.
1:39 of 1st period - Snap shot by Sergei Samsonov.
1:39 of 1st period - Stopped by Rick DiPietro without a rebound.
1:40 of 1st period - Frans Nielsen wins face-off versus Mike Ribeiro in Predators zone.
1:41 of 1st period - Snap shot by Sergei Samsonov.
1:41 of 1st period - Shot Misses the Net.
1:43 of 1st period - Slapshot by Frans Nielsen.
1:43 of 1st period - Shot Misses the Net.
1:45 of 1st period - Slapshot by Denis Grebeshkov.
1:45 of 1st period - Shot Blocked by Robyn Regehr.
1:46 of 1st period - Minor Penalty to Alexander Steen for Goalie Interference.
1:47 of 1st period - Tim Connolly wins face-off versus Mike Sillinger in Predators zone.
2:22 of 1st period - Slapshot by Frans Nielsen.
2:22 of 1st period - Shot Misses the Net.
2:39 of 1st period - Robyn Regehr is hit by Brenden Morrow and loses puck.
3:02 of 1st period - Todd White is hit by Kurt Sauer and loses puck.
3:37 of 1st period - Icing by Tim Connolly.
3:38 of 1st period - Joe Thornton wins face-off versus Tim Connolly in Coyotes zone.
3:46 of 1st period - Penalty to Alexander Steen is over, Alexander Steen is back on ice.
3:55 of 1st period - Slapshot by Drew Miller.
3:55 of 1st period - Shot Blocked by Kent Huskins.
3:58 of 1st period - Icing by Joe Thornton.
3:59 of 1st period - Joe Thornton wins face-off versus Frans Nielsen in Predators zone.
4:06 of 1st period - Wrist shot by Frans Nielsen.
4:06 of 1st period - Stopped by Rick DiPietro without a rebound.
4:07 of 1st period - Frans Nielsen wins face-off versus Mike Ribeiro in Predators zone.
5:11 of 1st period - Barret Jackman is hit by Pavel Brendl and loses puck.
5:18 of 1st period - Slapshot by Christian Ehrhoff.
5:18 of 1st period - Shot Blocked by Mariusz Czerkawski.
5:28 of 1st period - Jay Bouwmeester is hit by Mariusz Czerkawski and loses puck.
5:43 of 1st period - Backhand shot by Joe Thornton.
5:43 of 1st period - Shot Misses the Net.
7:29 of 1st period - Snap shot by Alexander Steen.
7:29 of 1st period - Shot Misses the Net.
7:44 of 1st period - Craig Adams is hit by Oleg Saprykin and loses puck.
7:52 of 1st period - Icing by Robyn Regehr.
7:53 of 1st period - Mike Sillinger wins face-off versus Tim Connolly in Predators zone.
8:04 of 1st period - Snap shot by Oleg Saprykin.
8:04 of 1st period - Stopped by Jean-Sébastien Giguère without a rebound.
8:05 of 1st period - Tim Connolly wins face-off versus Joe Thornton in Coyotes zone.
8:10 of 1st period - Michael Grabner is hit by Marian Gaborik and loses puck.
8:38 of 1st period - Snap shot by Jean-Pierre Dumont.
8:38 of 1st period - Shot Blocked by Christian Ehrhoff.
9:12 of 1st period - Kurt Sauer is hit by Chris Simon and loses puck.
9:23 of 1st period - Wrist shot by Riley Cote.
9:23 of 1st period - Stopped by Rick DiPietro without a rebound.
9:24 of 1st period - Joe Thornton wins face-off versus Tim Connolly in Predators zone.
9:35 of 1st period - Snap shot by Alexander Ovechkin.
9:35 of 1st period - Stopped by Jean-Sébastien Giguère with a rebound.
9:37 of 1st period - Slapshot by Adrian Aucoin.
9:37 of 1st period - Stopped by Jean-Sébastien Giguère without a rebound.
9:38 of 1st period - Tim Connolly wins face-off versus Joe Thornton in Coyotes zone.
10:05 of 1st period - Adrian Aucoin is hit by Jamal Mayers and loses puck.
11:04 of 1st period - Icing by Denis Grebeshkov.
11:05 of 1st period - Joe Thornton wins face-off versus Tim Connolly in Coyotes zone.
11:40 of 1st period - Wrist shot by Jamal Mayers.
11:40 of 1st period - Shot Misses the Net.
12:25 of 1st period - Snap shot by Alexander Ovechkin.
12:25 of 1st period - Stopped by Jean-Sébastien Giguère with a rebound.
13:56 of 1st period - Chris Simon is hit by Jamal Mayers and loses puck.
14:03 of 1st period - Adrian Aucoin is hit by Frans Nielsen and loses puck.
14:16 of 1st period - Tim Connolly is hit by Alexander Steen.
14:17 of 1st period - Tim Connolly from Coyotes is injured at 14:17 of 1st period (Separated Right Shoulder).
14:18 of 1st period - Joe Thornton wins face-off versus Drew Miller in Coyotes zone.
14:21 of 1st period - Wrist shot by Joe Thornton.
14:21 of 1st period - Shot Misses the Net.
14:23 of 1st period - Slapshot by Michael Grabner.
14:23 of 1st period - Stopped by Jean-Sébastien Giguère with a rebound.
14:25 of 1st period - Wrist shot by Robyn Regehr.
14:25 of 1st period - Deflect By Marian Gaborik.
14:25 of 1st period - Stopped by Jean-Sébastien Giguère without a rebound.
14:26 of 1st period - Drew Miller wins face-off versus Joe Thornton in Coyotes zone.
14:26 of 1st period - Drew Miller is hit by Joe Thornton.
14:43 of 1st period - Minor Penalty to Michael Grabner for Interference.
14:44 of 1st period - Mike Sillinger wins face-off versus Drew Miller in Predators zone.
15:12 of 1st period - Icing by Sergei Samsonov.
15:13 of 1st period - Frans Nielsen wins face-off versus Mike Sillinger in Coyotes zone.
16:04 of 1st period - Robyn Regehr is hit by Marian Gaborik.
16:43 of 1st period - Penalty to Michael Grabner is over, Michael Grabner is back on ice.
16:58 of 1st period - Wrist shot by Maxim Lapierre.
16:58 of 1st period - Stopped by Rick DiPietro with a rebound.
17:00 of 1st period - Slapshot by Jiri Fischer.
17:00 of 1st period - Deflect By Riley Cote.
17:00 of 1st period - Stopped by Rick DiPietro with a rebound.
17:12 of 1st period - Slapshot by Alexander Edler.
17:12 of 1st period - Shot Blocked by Craig Adams.
17:14 of 1st period - Slapshot by Kent Huskins.
17:14 of 1st period - Shot Misses the Net.
17:15 of 1st period - Minor Penalty to Jiri Fischer for Holding Stick.
17:16 of 1st period - Alexander Steen wins face-off versus Marian Gaborik in Coyotes zone.
17:19 of 1st period - Slapshot by Adrian Aucoin.
17:19 of 1st period - Stopped by Jean-Sébastien Giguère with a rebound.
17:29 of 1st period - Slapshot by Adrian Aucoin.
17:29 of 1st period - Stopped by Jean-Sébastien Giguère with a rebound.
17:31 of 1st period - Snap shot by Adrian Aucoin.
17:31 of 1st period - Shot Blocked by Christian Ehrhoff.
17:47 of 1st period - Jay Bouwmeester is hit by Jean-Pierre Dumont.
19:15 of 1st period - Penalty to Jiri Fischer is over, Jiri Fischer is back on ice.
19:24 of 1st period - Sergei Samsonov is hit by Alexander Edler and loses puck.
19:42 of 1st period - Minor Penalty to Riley Cote for Slashing.
19:43 of 1st period - Mike Ribeiro wins face-off versus Marian Gaborik in Coyotes zone.
2nd period
0:01 of 2nd period - Joe Thornton wins face-off versus Marian Gaborik in neutral zone.
0:04 of 2nd period - Slapshot by Robyn Regehr.
0:04 of 2nd period - Stopped by Jean-Sébastien Giguère with a rebound.
0:06 of 2nd period - Slapshot by Adrian Aucoin.
0:06 of 2nd period - Stopped by Jean-Sébastien Giguère without a rebound.
0:07 of 2nd period - Marian Gaborik wins face-off versus Joe Thornton in Coyotes zone.
0:23 of 2nd period - Slapshot by Robyn Regehr.
0:23 of 2nd period - Deflect By Jean-Pierre Dumont.
0:23 of 2nd period - Stopped by Jean-Sébastien Giguère without a rebound.
0:24 of 2nd period - Joe Thornton wins face-off versus Marian Gaborik in Coyotes zone.
1:19 of 2nd period - Marian Gaborik is hit by Joe Thornton and loses puck.
1:42 of 2nd period - Penalty to Riley Cote is over, Riley Cote is back on ice.
1:53 of 2nd period - Snap shot by Marian Gaborik.
1:53 of 2nd period - Stopped by Rick DiPietro without a rebound.
1:54 of 2nd period - Chad Larose wins face-off versus Mike Sillinger in Predators zone.
2:24 of 2nd period - Slapshot by Robyn Regehr.
2:24 of 2nd period - Shot Blocked by Lukas Krajicek.
2:27 of 2nd period - Icing by Lukas Krajicek.
2:28 of 2nd period - Joe Thornton wins face-off versus Maxim Lapierre in Coyotes zone.
2:38 of 2nd period - Icing by Riley Cote.
2:39 of 2nd period - Joe Thornton wins face-off versus Maxim Lapierre in Coyotes zone.
2:57 of 2nd period - Minor Penalty to Michael Grabner for Tripping.
2:58 of 2nd period - Mike Sillinger wins face-off versus Drew Miller in Predators zone.
3:43 of 2nd period - Robyn Regehr is hit by Brenden Morrow and loses puck.
4:24 of 2nd period - Sergei Samsonov is hit by Kent Huskins and loses puck.
4:43 of 2nd period - Todd White is hit by Chad Larose and loses puck.
4:57 of 2nd period - Penalty to Michael Grabner is over, Michael Grabner is back on ice.
5:12 of 2nd period - Snap shot by Michael Grabner.
5:12 of 2nd period - Stopped by Jean-Sébastien Giguère without a rebound.
5:13 of 2nd period - Frans Nielsen wins face-off versus Joe Thornton in Coyotes zone.
5:24 of 2nd period - Slapshot by Joe Thornton.
5:24 of 2nd period - Stopped by Jean-Sébastien Giguère without a rebound.
5:25 of 2nd period - Mike Ribeiro wins face-off versus Frans Nielsen in Coyotes zone.
5:38 of 2nd period - Slapshot by Denis Grebeshkov.
5:38 of 2nd period - Shot Blocked by Mike Ribeiro.
5:39 of 2nd period - Minor Penalty to Jamal Mayers for Charging.
5:39 of 2nd period - Minor Penalty to Mike Ribeiro for High sticking.
5:40 of 2nd period - Alexander Ovechkin wins face-off versus Marian Gaborik in Predators zone.
7:16 of 2nd period - Denis Grebeshkov is hit by Todd White and loses puck.
7:29 of 2nd period - Drew Miller is hit by Oleg Saprykin.
7:39 of 2nd period - Penalty to Jamal Mayers is over, Jamal Mayers is back on ice.
7:39 of 2nd period - Penalty to Mike Ribeiro is over, Mike Ribeiro is back on ice.
7:39 of 2nd period - Christian Ehrhoff is hit by Mike Ribeiro and loses puck.
8:10 of 2nd period - Backhand shot by Mike Ribeiro.
8:10 of 2nd period - Stopped by Jean-Sébastien Giguère without a rebound.
8:11 of 2nd period - Chad Larose wins face-off versus Mike Sillinger in Coyotes zone.
8:20 of 2nd period - Wrist shot by Mikael Samuelsson.
8:20 of 2nd period - Shot Misses the Net.
8:50 of 2nd period - Snap shot by Sergei Samsonov.
8:50 of 2nd period - Stopped by Rick DiPietro without a rebound.
8:51 of 2nd period - Frans Nielsen wins face-off versus Mariusz Czerkawski in Predators zone.
8:54 of 2nd period - Snap shot by Frans Nielsen.
8:54 of 2nd period - Shot Blocked by Mariusz Czerkawski.
9:09 of 2nd period - Icing by Kurt Sauer.
9:10 of 2nd period - Mike Ribeiro wins face-off versus Drew Miller in Coyotes zone.
9:23 of 2nd period - Snap shot by Drew Miller.
9:23 of 2nd period - Stopped by Rick DiPietro without a rebound.
9:24 of 2nd period - Drew Miller wins face-off versus Joe Thornton in Predators zone.
9:35 of 2nd period - Michael Grabner is hit by Jay Bouwmeester and loses puck.
10:33 of 2nd period - Kurt Sauer is hit by Alexander Edler and loses puck.
10:46 of 2nd period - Slapshot by Sergei Samsonov.
10:46 of 2nd period - Stopped by Rick DiPietro with a rebound.
10:48 of 2nd period - Wrist shot by Frans Nielsen.
10:48 of 2nd period - Shot Misses the Net.
10:50 of 2nd period - Snap shot by Frans Nielsen.
10:50 of 2nd period - Shot Blocked by Alexander Edler.
10:58 of 2nd period - Snap shot by Frans Nielsen.
10:58 of 2nd period - Goal by Frans Nielsen - Predators : 0 - Coyotes : 1.
10:59 of 2nd period - Joe Thornton wins face-off versus Drew Miller in neutral zone.
11:08 of 2nd period - Snap shot by Alexander Ovechkin.
11:08 of 2nd period - Shot Misses the Net.
11:40 of 2nd period - Wrist shot by Maxim Lapierre.
11:40 of 2nd period - Stopped by Rick DiPietro with a rebound.
12:36 of 2nd period - Wrist shot by Maxim Lapierre.
12:36 of 2nd period - Shot Misses the Net.
12:56 of 2nd period - Jiri Fischer is hit by Alexander Ovechkin and loses puck.
13:07 of 2nd period - Mike Sillinger is hit by Jamal Mayers and loses puck.
13:18 of 2nd period - Snap shot by Frans Nielsen.
13:18 of 2nd period - Stopped by Rick DiPietro without a rebound.
13:19 of 2nd period - Chad Larose wins face-off versus Mike Ribeiro in Predators zone.
13:20 of 2nd period - Snap shot by Drew Miller.
13:20 of 2nd period - Shot Misses the Net.
13:55 of 2nd period - Snap shot by Frans Nielsen.
13:55 of 2nd period - Stopped by Rick DiPietro without a rebound.
13:56 of 2nd period - Mike Sillinger wins face-off versus Frans Nielsen in Predators zone.
14:18 of 2nd period - Icing by Kurt Sauer.
14:19 of 2nd period - Joe Thornton wins face-off versus Drew Miller in Coyotes zone.
14:46 of 2nd period - Jay Bouwmeester is hit by Jean-Pierre Dumont and loses puck.
14:53 of 2nd period - Slapshot by Mike Ribeiro.
14:53 of 2nd period - Shot Misses the Net.
14:54 of 2nd period - Minor Penalty to Christian Ehrhoff for Holding Stick.
14:55 of 2nd period - Marian Gaborik wins face-off versus Jean-Pierre Dumont in Coyotes zone.
15:08 of 2nd period - Wrist shot by Jean-Pierre Dumont.
15:08 of 2nd period - Stopped by Jean-Sébastien Giguère with a rebound.
15:10 of 2nd period - Wrist shot by Alexander Ovechkin.
15:10 of 2nd period - Shot Blocked by Brenden Morrow.
15:12 of 2nd period - Slapshot by Robyn Regehr.
15:12 of 2nd period - Shot Misses the Net.
15:24 of 2nd period - Slapshot by Alexander Edler.
15:24 of 2nd period - Shot Misses the Net.
15:26 of 2nd period - Wrist shot by Alexander Steen.
15:26 of 2nd period - Goal by Alexander Steen - Predators : 1 - Coyotes : 1.
15:27 of 2nd period - Joe Thornton wins face-off versus Drew Miller in neutral zone.
15:32 of 2nd period - Wrist shot by Marian Gaborik.
15:32 of 2nd period - Shot Misses the Net.
15:36 of 2nd period - Snap shot by Marian Gaborik.
15:36 of 2nd period - Goal by Marian Gaborik - Predators : 1 - Coyotes : 2.
15:37 of 2nd period - Joe Thornton wins face-off versus Drew Miller in neutral zone.
16:09 of 2nd period - Adrian Aucoin is hit by Frans Nielsen and loses puck.
16:52 of 2nd period - Slapshot by Alexander Edler.
16:52 of 2nd period - Stopped by Jean-Sébastien Giguère without a rebound.
16:53 of 2nd period - Joe Thornton wins face-off versus Drew Miller in Coyotes zone.
17:04 of 2nd period - Snap shot by Brenden Morrow.
17:04 of 2nd period - Stopped by Rick DiPietro with a rebound.
17:06 of 2nd period - Slapshot by Jiri Fischer.
17:06 of 2nd period - Shot Blocked by Barret Jackman.
17:24 of 2nd period - Snap shot by Marian Gaborik.
17:24 of 2nd period - Shot Blocked by Barret Jackman.
17:26 of 2nd period - Slapshot by Jiri Fischer.
17:26 of 2nd period - Shot Misses the Net.
17:54 of 2nd period - Snap shot by Marian Gaborik.
17:54 of 2nd period - Stopped by Rick DiPietro with a rebound.
17:56 of 2nd period - Snap shot by Jiri Fischer.
17:56 of 2nd period - Shot Misses the Net.
17:57 of 2nd period - Minor Penalty to Jiri Fischer for Hooking.
17:57 of 2nd period - Minor Penalty to Barret Jackman for Hooking.
17:58 of 2nd period - Marian Gaborik wins face-off versus Alexander Ovechkin in Predators zone.
18:19 of 2nd period - Off-side.
18:20 of 2nd period - Marian Gaborik wins face-off versus Alexander Ovechkin in neutral zone.
19:57 of 2nd period - Penalty to Jiri Fischer is over, Jiri Fischer is back on ice.
19:57 of 2nd period - Penalty to Barret Jackman is over, Barret Jackman is back on ice.
19:58 of 2nd period - Marian Gaborik is hit by Oleg Saprykin and loses puck.
3rd period
0:01 of 3rd period - Michael Grabner wins face-off versus Drew Miller in neutral zone.
0:08 of 3rd period - Snap shot by Alexander Ovechkin.
0:08 of 3rd period - Shot Misses the Net.
0:26 of 3rd period - Jamal Mayers is hit by Jean-Pierre Dumont.
0:30 of 3rd period - Jay Bouwmeester is hit by Mike Ribeiro and loses puck.
0:55 of 3rd period - Slapshot by Riley Cote.
0:55 of 3rd period - Shot Misses the Net.
0:59 of 3rd period - Snap shot by Pavel Brendl.
0:59 of 3rd period - Shot Blocked by Oleg Saprykin.
1:01 of 3rd period - Snap shot by Maxim Lapierre.
1:01 of 3rd period - Shot Blocked by Alexander Edler.
1:13 of 3rd period - Slapshot by Alexander Edler.
1:13 of 3rd period - Stopped by Jean-Sébastien Giguère with a rebound.
1:15 of 3rd period - Snap shot by Alexander Edler.
1:15 of 3rd period - Shot Misses the Net.
2:15 of 3rd period - Snap shot by Mike Sillinger.
2:15 of 3rd period - Stopped by Jean-Sébastien Giguère without a rebound.
2:16 of 3rd period - Maxim Lapierre wins face-off versus Mike Sillinger in Coyotes zone.
2:21 of 3rd period - Slapshot by Lukas Krajicek.
2:21 of 3rd period - Stopped by Rick DiPietro with a rebound.
2:31 of 3rd period - Wrist shot by Pavel Brendl.
2:31 of 3rd period - Shot Blocked by Paul Mara.
2:33 of 3rd period - Wrist shot by Maxim Lapierre.
2:33 of 3rd period - Shot Misses the Net.
2:35 of 3rd period - Slapshot by Jiri Fischer.
2:35 of 3rd period - Stopped by Rick DiPietro without a rebound.
2:36 of 3rd period - Drew Miller wins face-off versus Joe Thornton in Predators zone.
2:40 of 3rd period - Minor Penalty to Kent Huskins for Interference.
2:41 of 3rd period - Drew Miller wins face-off versus Mike Sillinger in Predators zone.
2:42 of 3rd period - Wrist shot by Marian Gaborik.
2:42 of 3rd period - Stopped by Rick DiPietro without a rebound.
2:43 of 3rd period - Drew Miller wins face-off versus Mike Sillinger in Predators zone.
2:44 of 3rd period - Backhand shot by Marian Gaborik.
2:44 of 3rd period - Stopped by Rick DiPietro with a rebound.
2:46 of 3rd period - Slapshot by Jay Bouwmeester.
2:46 of 3rd period - Shot Blocked by Mike Sillinger.
2:48 of 3rd period - Snap shot by Brenden Morrow.
2:48 of 3rd period - Shot Misses the Net.
2:50 of 3rd period - Snap shot by Jay Bouwmeester.
2:50 of 3rd period - Shot Blocked by Adrian Aucoin.
2:52 of 3rd period - Slapshot by Jay Bouwmeester.
2:52 of 3rd period - Shot Blocked by Robyn Regehr.
2:54 of 3rd period - Snap shot by Drew Miller.
2:54 of 3rd period - Stopped by Rick DiPietro with a rebound.
2:56 of 3rd period - Slapshot by Jay Bouwmeester.
2:56 of 3rd period - Shot Misses the Net.
3:17 of 3rd period - Slapshot by Christian Ehrhoff.
3:17 of 3rd period - Deflect By Jamal Mayers.
3:17 of 3rd period - Shot Misses the Net.
3:17 of 3rd period - Puck is out of play.
3:18 of 3rd period - Drew Miller wins face-off versus Todd White in Predators zone.
3:46 of 3rd period - Minor Penalty to Kurt Sauer for Hooking.
3:46 of 3rd period - Minor Penalty to Mike Sillinger for Hooking.
3:47 of 3rd period - Todd White wins face-off versus Marian Gaborik in neutral zone.
4:38 of 3rd period - Wrist shot by Drew Miller.
4:38 of 3rd period - Shot Blocked by Paul Mara.
4:40 of 3rd period - Penalty to Kent Huskins is over, Kent Huskins is back on ice.
4:40 of 3rd period - Slapshot by Jay Bouwmeester.
4:40 of 3rd period - Stopped by Rick DiPietro without a rebound.
4:41 of 3rd period - Brenden Morrow wins face-off versus Alexander Ovechkin in Predators zone.
5:20 of 3rd period - Slapshot by Adrian Aucoin.
5:20 of 3rd period - Deflect By Jean-Pierre Dumont.
5:20 of 3rd period - Stopped by Jean-Sébastien Giguère with a rebound.
5:26 of 3rd period - Slapshot by Denis Grebeshkov.
5:26 of 3rd period - Stopped by Rick DiPietro without a rebound.
5:27 of 3rd period - Alexander Ovechkin wins face-off versus Marian Gaborik in Predators zone.
5:34 of 3rd period - Wrist shot by Alexander Ovechkin.
5:34 of 3rd period - Deflect By Joe Thornton.
5:34 of 3rd period - Goal by Joe Thornton - Predators : 2 - Coyotes : 2.
5:35 of 3rd period - Alexander Ovechkin wins face-off versus Marian Gaborik in neutral zone.
5:46 of 3rd period - Penalty to Kurt Sauer is over, Kurt Sauer is back on ice.
5:46 of 3rd period - Penalty to Mike Sillinger is over, Mike Sillinger is back on ice.
5:56 of 3rd period - Snap shot by Joe Thornton.
5:56 of 3rd period - Stopped by Jean-Sébastien Giguère with a rebound.
6:06 of 3rd period - Wrist shot by Alexander Ovechkin.
6:06 of 3rd period - Shot Misses the Net.
6:08 of 3rd period - Slapshot by Adrian Aucoin.
6:08 of 3rd period - Deflect By Kurt Sauer.
6:08 of 3rd period - Stopped by Jean-Sébastien Giguère without a rebound.
6:09 of 3rd period - Mike Ribeiro wins face-off versus Frans Nielsen in Coyotes zone.
6:25 of 3rd period - Snap shot by Sergei Samsonov.
6:25 of 3rd period - Shot Blocked by Alexander Edler.
6:31 of 3rd period - Mike Ribeiro is hit by Frans Nielsen.
7:03 of 3rd period - Kent Huskins is hit by Marian Gaborik and loses puck.
7:11 of 3rd period - Off-side.
7:12 of 3rd period - Maxim Lapierre wins face-off versus Joe Thornton in neutral zone.
7:46 of 3rd period - Wrist shot by Marian Gaborik.
7:46 of 3rd period - Stopped by Rick DiPietro with a rebound.
8:05 of 3rd period - Icing by Christian Ehrhoff.
8:06 of 3rd period - Todd White wins face-off versus Frans Nielsen in Coyotes zone.
8:27 of 3rd period - Snap shot by Jamal Mayers.
8:27 of 3rd period - Stopped by Rick DiPietro without a rebound.
8:28 of 3rd period - Joe Thornton wins face-off versus Drew Miller in Predators zone.
8:39 of 3rd period - Slapshot by Kurt Sauer.
8:39 of 3rd period - Stopped by Rick DiPietro without a rebound.
8:40 of 3rd period - Joe Thornton wins face-off versus Drew Miller in Predators zone.
8:53 of 3rd period - Snap shot by Alexander Ovechkin.
8:53 of 3rd period - Deflect By Joe Thornton.
8:53 of 3rd period - Shot Misses the Net.
8:53 of 3rd period - Puck is out of play.
8:54 of 3rd period - Mike Ribeiro wins face-off versus Drew Miller in Coyotes zone.
8:57 of 3rd period - Snap shot by Mike Ribeiro.
8:57 of 3rd period - Shot Blocked by Jay Bouwmeester.
9:07 of 3rd period - Marian Gaborik is hit by Alexander Steen and loses puck.
9:31 of 3rd period - Slapshot by Sergei Samsonov.
9:31 of 3rd period - Deflect By Frans Nielsen.
9:31 of 3rd period - Stopped by Rick DiPietro without a rebound.
9:32 of 3rd period - Drew Miller wins face-off versus Joe Thornton in Predators zone.
9:37 of 3rd period - Wrist shot by Marian Gaborik.
9:37 of 3rd period - Stopped by Rick DiPietro without a rebound.
9:38 of 3rd period - Joe Thornton wins face-off versus Drew Miller in Predators zone.
9:49 of 3rd period - Wrist shot by Alexander Ovechkin.
9:49 of 3rd period - Stopped by Jean-Sébastien Giguère without a rebound.
9:50 of 3rd period - Drew Miller wins face-off versus Joe Thornton in Coyotes zone.
10:03 of 3rd period - Michael Grabner is hit by Drew Miller and loses puck.
10:16 of 3rd period - Jamal Mayers is hit by Robyn Regehr.
11:30 of 3rd period - Snap shot by Joe Thornton.
11:30 of 3rd period - Shot Blocked by Christian Ehrhoff.
11:37 of 3rd period - Icing by Christian Ehrhoff.
11:38 of 3rd period - Chad Larose wins face-off versus Mike Ribeiro in Coyotes zone.
11:45 of 3rd period - Wrist shot by Sergei Samsonov.
11:45 of 3rd period - Shot Misses the Net.
11:47 of 3rd period - Snap shot by Sergei Samsonov.
11:47 of 3rd period - Shot Misses the Net.
11:49 of 3rd period - Wrist shot by Jamal Mayers.
11:49 of 3rd period - Shot Misses the Net.
12:07 of 3rd period - Snap shot by Joe Thornton.
12:07 of 3rd period - Stopped by Jean-Sébastien Giguère with a rebound.
12:09 of 3rd period - Slapshot by Barret Jackman.
12:09 of 3rd period - Shot Misses the Net.
12:11 of 3rd period - Snap shot by Michael Grabner.
12:11 of 3rd period - Stopped by Jean-Sébastien Giguère without a rebound.
12:12 of 3rd period - Joe Thornton wins face-off versus Frans Nielsen in Coyotes zone.
12:27 of 3rd period - Backhand shot by Joe Thornton.
12:27 of 3rd period - Goal by Joe Thornton - Predators : 3 - Coyotes : 2.
12:28 of 3rd period - Joe Thornton wins face-off versus Drew Miller in neutral zone.
12:50 of 3rd period - Icing by Alexander Ovechkin.
12:51 of 3rd period - Joe Thornton wins face-off versus Frans Nielsen in Predators zone.
12:58 of 3rd period - Snap shot by Jamal Mayers.
12:58 of 3rd period - Stopped by Rick DiPietro with a rebound.
13:01 of 3rd period - Minor Penalty to Jean-Pierre Dumont for Roughing.
13:02 of 3rd period - Mike Sillinger wins face-off versus Drew Miller in Predators zone.
13:02 of 3rd period - Mike Sillinger is hit by Marian Gaborik.
13:08 of 3rd period - Snap shot by Adrian Aucoin.
13:08 of 3rd period - Shot Blocked by Jay Bouwmeester.
13:58 of 3rd period - Icing by Kurt Sauer.
13:59 of 3rd period - Chad Larose wins face-off versus Mike Sillinger in Coyotes zone.
13:59 of 3rd period - Chad Larose is hit by Oleg Saprykin.
14:07 of 3rd period - Wrist shot by Jamal Mayers.
14:07 of 3rd period - Shot Misses the Net.
14:09 of 3rd period - Slapshot by Denis Grebeshkov.
14:09 of 3rd period - Stopped by Rick DiPietro with a rebound.
14:13 of 3rd period - Backhand shot by Sergei Samsonov.
14:13 of 3rd period - Deflect By Frans Nielsen.
14:13 of 3rd period - Shot Misses the Net.
14:13 of 3rd period - Puck is out of play.
14:14 of 3rd period - Drew Miller wins face-off versus Todd White in Predators zone.
14:40 of 3rd period - Robyn Regehr is hit by Christian Ehrhoff and loses puck.
15:01 of 3rd period - Penalty to Jean-Pierre Dumont is over, Jean-Pierre Dumont is back on ice.
15:11 of 3rd period - Snap shot by Jean-Pierre Dumont.
15:11 of 3rd period - Stopped by Jean-Sébastien Giguère with a rebound.
15:13 of 3rd period - Snap shot by Robyn Regehr.
15:13 of 3rd period - Shot Misses the Net.
15:15 of 3rd period - Snap shot by Todd White.
15:15 of 3rd period - Shot Blocked by Kurt Sauer.
15:17 of 3rd period - Snap shot by Adrian Aucoin.
15:17 of 3rd period - Stopped by Jean-Sébastien Giguère with a rebound.
15:19 of 3rd period - Slapshot by Jean-Pierre Dumont.
15:19 of 3rd period - Stopped by Jean-Sébastien Giguère without a rebound.
15:20 of 3rd period - Mike Ribeiro wins face-off versus Chad Larose in Coyotes zone.
15:21 of 3rd period - Slapshot by Alexander Edler.
15:21 of 3rd period - Shot Blocked by Drew Miller.
15:24 of 3rd period - Icing by Drew Miller.
15:25 of 3rd period - Chad Larose wins face-off versus Mike Ribeiro in Coyotes zone.
15:52 of 3rd period - Slapshot by Alexander Edler.
15:52 of 3rd period - Shot Blocked by Christian Ehrhoff.
15:54 of 3rd period - Wrist shot by Oleg Saprykin.
15:54 of 3rd period - Stopped by Jean-Sébastien Giguère without a rebound.
15:55 of 3rd period - Mike Sillinger wins face-off versus Drew Miller in Coyotes zone.
16:04 of 3rd period - Wrist shot by Mike Sillinger.
16:04 of 3rd period - Stopped by Jean-Sébastien Giguère without a rebound.
16:05 of 3rd period - Drew Miller wins face-off versus Mike Sillinger in Coyotes zone.
16:16 of 3rd period - Snap shot by Mikael Samuelsson.
16:16 of 3rd period - Shot Blocked by Kurt Sauer.
16:18 of 3rd period - Slapshot by Adrian Aucoin.
16:18 of 3rd period - Stopped by Jean-Sébastien Giguère with a rebound.
16:27 of 3rd period - Minor Penalty to Sergei Samsonov for Tripping.
16:28 of 3rd period - Joe Thornton wins face-off versus Marian Gaborik in Coyotes zone.
16:32 of 3rd period - Minor Penalty to Joe Thornton for Roughing.
16:33 of 3rd period - Alexander Ovechkin wins face-off versus Marian Gaborik in Predators zone.
17:12 of 3rd period - Slapshot by Christian Ehrhoff.
17:12 of 3rd period - Stopped by Rick DiPietro without a rebound.
17:13 of 3rd period - Drew Miller wins face-off versus Oleg Saprykin in Predators zone.
17:18 of 3rd period - Wrist shot by Frans Nielsen.
17:18 of 3rd period - Shot Misses the Net.
17:20 of 3rd period - Wrist shot by Drew Miller.
17:20 of 3rd period - Shot Blocked by Oleg Saprykin.
17:22 of 3rd period - Wrist shot by Drew Miller.
17:22 of 3rd period - Stopped by Rick DiPietro with a rebound.
17:24 of 3rd period - Snap shot by Drew Miller.
17:24 of 3rd period - Deflect By Frans Nielsen.
17:24 of 3rd period - Deflect By Alexander Edler.
17:24 of 3rd period - Shot Blocked by Todd White.
17:24 of 3rd period - Puck is out of play.
17:25 of 3rd period - Alexander Ovechkin wins face-off versus Marian Gaborik in Predators zone.
17:34 of 3rd period - Snap shot by Brenden Morrow.
17:34 of 3rd period - Stopped by Rick DiPietro with a rebound.
18:27 of 3rd period - Penalty to Sergei Samsonov is over, Sergei Samsonov is back on ice.
18:32 of 3rd period - Penalty to Joe Thornton is over, Joe Thornton is back on ice.
18:40 of 3rd period - Slapshot by Denis Grebeshkov.
18:40 of 3rd period - Stopped by Rick DiPietro without a rebound.
18:41 of 3rd period - Todd White wins face-off versus Chad Larose in Predators zone.
18:53 of 3rd period - Minor Penalty to Alexander Edler for Tripping.
18:54 of 3rd period - Mike Sillinger wins face-off versus Drew Miller in Predators zone.
19:09 of 3rd period - Coyotes, Jean-Sébastien Giguère is pulled from the net.
19:50 of 3rd period - Snap shot by Mike Sillinger.
19:50 of 3rd period - Goal by Mike Sillinger - Predators : 4 - Coyotes : 2.
19:50 of 3rd period - Jean-Sébastien Giguère from Coyotes was sent back in the game.
19:51 of 3rd period - Drew Miller wins face-off versus Mike Sillinger in neutral zone.
Output by the SimonT Hockey Simulator (STHS) for François Prévost -- Original Page W3C XHTML 1.0 Valid